 Dungeon Crawl Stone Soup version 0.31.0-11-ge490571c62 (webtiles) character file.

Game seed: 6523573770425682895

4 qw the Shooter (level 1, -2/12 HPs)
             Began as a Deep Elf Hunter on Feb 4, 2024.
             Frozen to death by an endoplasm (5 damage)
             ... on level 1 of the Dungeon.
             The game lasted 00:00:02 (103 turns).

qw the Shooter (Deep Elf Hunter)                     Turns: 103, Time: 00:00:03

Health: -2/12      AC:  3    Str:  8    XL:     1   Next: 50%
Magic:  3/3        EV: 12    Int: 13    God:
Gold:   10         SH:  0    Dex: 18    Spells: 0/0 levels left

rFire   . . .        a - +0 shortbow
rCold   . . .        (shield currently unavailable)
rNeg    . . .        c - +0 leather armour
rPois   .            (no helmet)
rElec   .            (no cloak)
rCorr   .            (no gloves)
SInv    .            (no boots)
Will    .....        (no amulet)
Stlth   ++           (no ring)
HPRegen 0.22/turn    (no ring)
MPRegen 0.08/turn

%: no passive effects
@: no status effects
A: no striking features
a: no special abilities


You were on level 1 of the Dungeon.
You visited 1 branch of the dungeon, and saw 1 of its levels.

You collected 10 gold pieces.


   Skills:
 - Level 1.5 Fighting
 + Level 5.6 Ranged Weapons
 - Level 2.4 Dodging
 - Level 1.2 Stealth


You couldn't memorise any spells.
You didn't know any spells.
Your spell library was empty.

Inventory:

Hand Weapons
 a - a +0 shortbow (weapon)
Armour
 c - a +0 leather armour (worn)
Scrolls
 b - a scroll of butterflies
Potions
 d - a potion of mutation {unknown}

Dungeon Overview and Level Annotations

Branches:
Dungeon (1/15)

Altars:


Message History

The goblin completely misses you. The endoplasm closely misses you.
The goblin misses you. The endoplasm barely misses you.
You shoot an arrow. The arrow closely misses the goblin.
The endoplasm freezes you.
You are frozen.
The goblin hits you with a +0 club.
You shoot an arrow. The arrow closely misses the goblin.
The goblin barely misses you. The endoplasm freezes you.
You are frozen.
You shoot an arrow. The arrow closely misses the goblin.
The goblin barely misses you. The endoplasm freezes you.
You are frozen.
You shoot an arrow. The arrow closely misses the goblin.
The endoplasm barely misses you. The goblin hits you with a +0 club.
You shoot an arrow. The arrow closely misses the goblin.
The goblin hits you with a +0 club. The endoplasm misses you.
You shoot an arrow. The arrow closely misses the goblin.
The goblin closely misses you. The endoplasm barely misses you.
The endoplasm closely misses you. The goblin misses you.
You shoot an arrow. The arrow closely misses the goblin.
The goblin barely misses you. The endoplasm closely misses you.
You shoot an arrow. The arrow barely misses the goblin.
The goblin closely misses you. The endoplasm closely misses you.
You shoot an arrow. The arrow hits the goblin.
The goblin is severely wounded.
The goblin closely misses you.
The endoplasm hits you but does no damage.
You shoot an arrow. The arrow hits the goblin.
You kill the goblin!
The endoplasm hits you but does no damage.
You shoot an arrow. The arrow hits the endoplasm.
The endoplasm is lightly wounded.
The endoplasm barely misses you. x2
You shoot an arrow.
The arrow hits the endoplasm but does no damage.
The endoplasm is lightly wounded.
The endoplasm freezes you.
You are frozen.
You die...

##.####.# #.#
........#### #.##
##.####....###...
#.####.##....###
#...............
#..........##.## #.
##.........# .#.
##...#####.........##...
......J@...........####.
......)............# #.
...................#
.).................#
...................#
#####....#.........
#....#........
.....#####..##


You could see an endoplasm.

Vanquished Creatures
  A goblin (D:1)
  A hobgoblin (D:1)
  A ball python (D:1)
  A kobold (D:1)
4 creatures vanquished.

Notes
Turn   | Place    | Note
-------+----------+-------------------------------------------
     0 | D:1      | qw the Deep Elf Hunter began the quest for the Orb.
     0 | D:1      | Reached XP level 1. HP: 12/12 MP: 3/3
     0 | D:1      | 0 ||| qw: Version: 0.3-a-160-g6735b56
     0 | D:1      | 0 ||| qw: Game counter: 5699
     0 | D:1      | 0 ||| qw: Melee chars always use a shield: true
     0 | D:1      | 0 ||| qw: God list: Okawaru
     0 | D:1      | 0 ||| qw: Allow faded altars: false
     0 | D:1      | 0 ||| qw: Do Orc after clearing Dungeon:15 true
     0 | D:1      | 0 ||| qw: Do second Lair branch before Depths: true
     0 | D:1      | 0 ||| qw: Lair rune preference: random
     0 | D:1      | 0 ||| qw: Goals: Normal
     0 | D:1      | 0 ||| PLANNING D:1-11
    94 | D:1      | HP: 3/12 [frozen (3)]
    96 | D:1      | HP: 1/12 [goblin/+0 club (1)]
   103 | D:1      | Frozen to death by an endoplasm

Levels and vault maps discovered:
D:1:      mrwooster_arrival_statue_2, layout_basic, minmay_split_cup_large

Action                     || total
---------------------------++-------
   Fire: Shortbow          ||    23
 Armour: Leather armour    ||     7
  Dodge: Dodged            ||    23

Table legend:
 A = Non-vault XP
 B = Vault XP
 C = Vault XP percentage of total XP
 D = Non-vault monster count
 E = Vault monster count
 F = Vault count percentage of total count
                 A         B        C        D         E       F
            +---------+---------+-------+---------+---------+-------
      Total |       6 |       0 |   0.0 |       4 |       0 |   0.0
            +---------+---------+-------+---------+---------+-------
        D:1 |       6 |       0 |   0.0 |       4 |       0 |   0.0
            +---------+---------+-------+---------+---------+-------
